 Dungeon Crawl Stone Soup version 0.32-a0-42-ga30500b4d3 (webtiles) character file.

Game seed: 15860380355703709724

6563 grandjackal the Photosynthesist (level 10, -6/85 HPs)
             Began as a Demonspawn Gladiator on Jan 29, 2024.
             Was an Elder of Fedhas.
             Mangled by a vampire (11 damage)
             ... on level 9 of the Dungeon.
             The game lasted 00:08:50 (7255 turns).

grandjackal the Photosynthesist (DsGl)              Turns: 7255, Time: 00:08:50

Health: -6/85      AC: 14    Str: 20    XL:     10   Next: 70%
Magic:  17/18      EV:  9    Int: 12    God:    Fedhas [****..]
Gold:   271        SH:  0    Dex: 14    Spells: 9/9 levels left

rFire   . .          .
                       - Unarmed
rCold   . . .        (no shield)
rNeg    . . .        z - +0 chain mail
rPois   .            (helmet restricted)
rElec   .            o - +0 cloak
rCorr   .            (no gloves)
SInv    .            y - +0 pair of boots
Will    +....        (no amulet) Stlth
                     w - +4 ring of protection
HPRegen 0.34/turn    a - +4 ring of slaying
MPRegen 0.16/turn

%: clarity
@: enlightened, flying
A: claws 1, spiny 3, big brain 2, antennae 1, clarity
a: Renounce Religion, Wall of Briars, Grow Ballistomycete, Overgrow


You were on level 9 of the Dungeon.
You worshipped Fedhas.
Fedhas was greatly pleased with you.
You visited 1 branch of the dungeon, and saw 9 of its levels.

You collected 459 gold pieces.
You spent 188 gold pieces at shops.

Inventory:

Hand Weapons
 A - a +2 trident of draining
Missiles
 d - 3 throwing nets (quivered)
 e - 5 javelins
Armour
 c - a +0 helmet
 o - a +0 cloak (worn)
 y - a +0 pair of boots (worn)
 z - a +0 chain mail (worn)
Jewellery
 a - a +4 ring of slaying (right claw)
 w - a +4 ring of protection (left claw)
Wands
 i - a wand of charming (2)
Scrolls
 b - 3 scrolls of noise {unknown}
 g - 3 scrolls of fear
 h - 10 scrolls of identify {unknown}
 j - a scroll of fog {unknown}
 m - 3 scrolls of immolation {unknown}
 n - a scroll of amnesia {unknown}
 r - 4 scrolls of teleportation {unknown}
 t - a scroll of enchant armour {unknown}
 u - 2 scrolls of enchant weapon {unknown}
 v - a scroll of revelation {unknown}
 x - 3 scrolls of poison {unknown}
 B - a scroll of silence {unknown}
Potions
 f - a potion of resistance {unknown}
 k - a potion of magic {unknown}
 l - a potion of heal wounds {unknown}
 p - 2 potions of might {unknown}
 q - 5 potions of mutation
 C - 2 potions of enlightenment
 D - a potion of lignification {unknown}


   Skills:
 + Level 10.0 Fighting
 - Level 2.8 Long Blades
 - Level 2.0 Throwing
 - Level 3.1 Dodging
 + Level 8.6 Unarmed Combat
 + Level 11.6 Invocations


You had 9 spell levels left.
You didn't know any spells.
Your spell library contained the following spells:

 Spells                   Type           Power      Damage    Failure   Level
 Magic Dart               Conj           0%         1d3       96%         1
 Ensorcelled Hibernation  Hex/Ice        0%         N/A       99%         2
 Searing Ray              Conj           0%         2d4       99%         2
 Dazzling Flash           Conj/Hex       0%         N/A       100%        3
 Fugue of the Fallen      Necr           0%         N/A       100%        3
 Mephitic Cloud           Conj/Alch/Air  0%         N/A       100%        3
 Anguish                  Hex/Necr       0%         N/A       100%        4
 Fulminant Prism          Conj/Alch      0%         3d5       100%        4
 Curse of Agony           Necr           0%         N/A       100%        5
 Silence                  Hex/Air        0%         N/A       100%        5
 Conjure Ball Lightning   Conj/Air       0%         3x3d6     100%        6
 Discord                  Hex            0%         N/A       100%        8
 Disjunction              Tloc           0%         N/A       100%        8


Dungeon Overview and Level Annotations

Branches:
Dungeon (9/15)             Temple (0/1) D:5
   Lair: D:8-11         Orc: D:9-12

Altars:
Dithmenos
Fedhas
Hepliaklqana
Qazlal
Ru
Trog
Vehumet
Xom

Shops:
D:4 ::**

Annotations:
D:4 2 transporters, audacious124's ghost, novice GrEE
D:8 1 runed translucent door


Innate Abilities, Weirdness & Mutations

You have sharp fingernails.
You are completely covered in sharp spines.
You have an extremely huge brain. (Int +4)
You have a pair of small antennae on your head.
You possess an exceptional clarity of mind.


Message History

Fedhas appreciates your contribution to the ecosystem.
The killer bee is struck by your spines.
The killer bee stings you but does no damage. x2
Unknown command.
You claw the yak!
The yak is almost dead.
The killer bee stings you.
* * * LOW HITPOINT WARNING * * *
The yak is struck by your spines.
You kill the yak!
Fedhas appreciates your contribution to the ecosystem.
The killer bee barely misses you.
You completely miss the killer bee.
The killer bee is severely wounded.
The killer bee stings you but does no damage.
Unknown command.
You barely miss the killer bee.
The killer bee is severely wounded.
The killer bee stings you but does no damage.
The killer bee barely misses you.
Unknown command.
You claw the killer bee!
You kill the killer bee!
Fedhas appreciates your contribution to the ecosystem.
Something hits you!
* * * LOW HITPOINT WARNING * * *
Something bites you but does no damage.
Your Fighting skill increases to level 10!
You feel better. Something hits you.
* * * LOW HITPOINT WARNING * * *
Something bites you but does no damage. The yak completely misses you.
As you read the scroll labelled ARISIY LACIRE, it crumbles to dust.
You assume a fearsome visage.
The yak looks frightened!
It was a scroll of fear.
Something hits you but does no damage. Something bites you but does no damage.
It was a potion of enlightenment.
You feel very buoyant.
You fly up into the air.
Something hits you!
You die...
Fedhas appreciates your contribution to the ecosystem.

... ..# . ..
.(######. ..
#....#..#...
..#..#.#......
#...#........ .
.....Y......
#.†.......# ...
##........###.^#
#@{........#.#..
#PP..........#.###
##..#............#
#>..............##
#.................
####..............
#..............#
##...........###
#####....#.##


You could see a yak (fleeing).

Vanquished Creatures
  Jeremiah (D:7)
  An unseen horror zombie (D:7)
  9 yaks
  2 redbacks (D:8)
  4 water moccasins (D:8)
  A sky beast (D:8)
  2 black bears
  A hornet zombie (D:7)
  2 ice beasts
  3 ogres
  A kobold brigand (D:6)
  A wyvern zombie (D:7)
  12 scorpions
  10 wights
  18 killer bees
  A howler monkey (D:5)
  2 centaur zombies (D:7)
  8 orc priests
  5 jellies
  3 hounds
  4 iguanas
  4 orc wizards
  3 killer bee zombies (D:7)
  2 howler monkey zombies (D:7)
  7 gnolls
  8 adders
  A shadow imp (D:5)
  4 ufetubi (D:6)
  A ribbon worm (D:4)
  3 dart slugs
  19 orcs
  7 ball pythons
  5 bats
  10 endoplasms
  5 giant cockroaches
  5 goblins
  8 hobgoblins
  9 jackals
  6 quokkas
  9 frilled lizards
  10 kobolds
  9 rats
226 creatures vanquished.

Notes
Turn   | Place    | Note
-------+----------+-------------------------------------------
     0 | D:1      | grandjackal the Demonspawn Gladiator began the quest for
                  | the Orb.
     0 | D:1      | Reached XP level 1. HP: 16/16 MP: 1/1
   140 | D:1      | You fall into a shaft and drop 1 floor!
   147 | D:2      | Gained mutation: You have sharp fingernails. [demonic
                  | ancestry]
   147 | D:2      | Reached XP level 2. HP: 22/22 MP: 2/2
   229 | D:1      | Gained mutation: You are partially covered in sharp spines.
                  | [demonic ancestry]
   229 | D:1      | Reached XP level 3. HP: 27/28 MP: 3/3
   506 | D:1      | Reached skill level 1 in Unarmed Combat
   893 | D:2      | Found a shimmering altar of Xom.
  1294 | D:3      | Reached XP level 4. HP: 35/35 MP: 4/4
  1496 | D:3      | Found a shadowy altar of Dithmenos.
  1937 | D:3      | Found a faded altar of an unknown god.
  1938 | D:3      | Found a hazy altar of Hepliaklqana.
  1945 | D:3      | Gained mutation: You are mostly covered in sharp spines.
                  | [demonic ancestry]
  1945 | D:3      | Reached XP level 5. HP: 18/42 MP: 5/5
  2161 | D:3      | Found a blossoming altar of Fedhas.
  2179 | D:3      | Became a worshipper of Fedhas Madash
  2345 | D:4      | Reached skill level 1 in Invocations
  2455 | D:4      | Reached skill level 2 in Invocations
  2589 | D:4      | Gained mutation: You are completely covered in sharp
                  | spines. [demonic ancestry]
  2589 | D:4      | Reached XP level 6. HP: 48/49 MP: 7/7
  2610 | D:4      | Reached skill level 3 in Invocations
  2665 | D:4      | Found Suhun's Book Boutique.
  2668 | D:4      | Found Qosovik's Book Boutique.
  2671 | D:4      | Found Zalofum's Assorted Antiques.
  2676 | D:4      | Found Lyeneg's Assorted Antiques.
  2689 | D:4      | Bought a ruby potion for 26 gold pieces
  2689 | D:4      | Bought a scroll labelled MECKYU FUAT for 29 gold pieces
  2689 | D:4      | Bought a scroll labelled MECKYU FUAT for 29 gold pieces
  2689 | D:4      | Bought a clear potion for 26 gold pieces
  2693 | D:4      | Bought a scroll labelled QOLUBO OTUSOH for 26 gold pieces
  2693 | D:4      | Bought a scroll labelled ARISIY LACIRE for 26 gold pieces
  2693 | D:4      | Bought a scroll labelled AREREA NATZIGU for 26 gold pieces
  2844 | D:4      | Found a transporter.
  2846 | D:4      | Found a transporter.
  2847 | D:4      | Noticed audacious124's ghost (novice GrEE)
  3053 | D:5      | Entered Level 5 of the Dungeon
  3222 | D:5      | Reached * piety under Fedhas
  3290 | D:5      | Reached skill level 5 in Fighting
  3290 | D:5      | Reached XP level 7. HP: 45/56 MP: 9/9
  3371 | D:5      | Found a staircase to the Ecumenical Temple.
  3406 | D:5      | Reached skill level 4 in Invocations
  4005 | D:5      | Reached skill level 5 in Invocations
  4547 | D:6      | Reached XP level 8. HP: 53/64 MP: 12/12
  4662 | D:6      | Reached skill level 6 in Invocations
  4678 | D:6      | Reached skill level 5 in Unarmed Combat
  4881 | D:6      | Reached ** piety under Fedhas
  4890 | D:6      | Reached skill level 7 in Invocations
  5206 | D:6      | Identified the +7 war axe of Proximity {distort, rC++ rN+
                  | Will- MP+9}
  5242 | D:6      | Gained mutation: You have an unusually large brain. (Int
                  | +2) [demonic ancestry]
  5242 | D:6      | Reached XP level 9. HP: 66/72 MP: 14/14
  5291 | D:6      | Found a radiant altar of Vehumet.
  5730 | D:7      | Reached skill level 8 in Invocations
  5946 | D:7      | Reached skill level 9 in Invocations
  5996 | D:7      | Noticed Jeremiah
  6011 | D:7      | Killed Jeremiah
  6191 | D:7      | Found a sacrificial altar of Ru.
  6191 | D:7      | Found a stormy altar of Qazlal.
  6500 | D:8      | Reached *** piety under Fedhas
  6567 | D:8      | Found a bloodstained altar of Trog.
  6591 | D:8      | Reached skill level 10 in Invocations
  6765 | D:8      | Gained mutation: You have an extremely huge brain. (Int +4)
                  | [demonic ancestry]
  6765 | D:8      | Reached XP level 10. HP: 82/82 MP: 17/17
  6864 | D:8      | Found the +9 staff of Olgreb {rPois∞}
  6869 | D:8      | Found a runed translucent door.
  6877 | D:8      | Found a runed translucent gate.
  6877 | D:8      | Found a runed translucent gate.
  6878 | D:8      | Found a runed translucent door.
  6889 | D:8      | Found a runed translucent gate.
  7072 | D:9      | Reached skill level 11 in Invocations
  7076 | D:9      | Reached **** piety under Fedhas
  7243 | D:9      | Gained mutation: You possess an exceptional clarity of
                  | mind. [potion of mutation]
  7243 | D:9      | Gained mutation: You have a pair of small antennae on your
                  | head. [potion of mutation]
  7253 | D:9      | Reached skill level 10 in Fighting
  7253 | D:9      | HP: 4/85 [something (6)]
  7255 | D:9      | Mangled by a vampire

Illustrated notes

Levels and vault maps discovered:
D:1:      ldierk_walled_garden, layout_rooms, amcnicky_mini_corridor_feature
D:2:      layout_basic, basic_altar
D:3:      layout_loops_corners, beargit_hepliaklqana_dungeon_heroes,
          lemuel_round_altar, nicolae_overflow_crystal_walls,
          grunt_dithmenos_smoke, glass_columns_a,
          hangedman_decor_clover_reticule
D:4:      layout_basic, gammafunk_ghost_smash, minmay_shop_grid_forest,
          grunt_decor_junction, kennysheep_opposing_triangles
D:5:      layout_cave_pods, minmay_temple_entry_drinking_statues,
          kennysheep_generic_room_4
D:6:      layout_loops_corners, mainiacjoe_overflow_catwalk
D:7:      layout_rooms, gammafunk_temple_overflow_elements, serial_undead,
          serial_undead_f, serial_undead_b, serial_undead_a, serial_undead_c,
          serial_undead_f, uniq_jeremiah
D:8:      layout_basic, lemuel_round_altar,
          minmay_guarded_unrand_staff_of_olgreb
D:9:      layout_cave_pools, mainiacjoe_overflow_alcove_2,
          nicolae_yredelemnul_corpse_copse, jmf_multi_god_temple,
          gammafunk_temple_overflow_pools

Skill      XL: |  1  2  3  4  5  6  7  8  9 10 |
---------------+-------------------------------+-----
Throwing       | 2 |  2.0
Dodging        | 3 |  3.1
Unarmed Combat | 1 2 3 4 6 7 8 |  8.6
Fighting       | 3 4 5 7 8 10 | 10.0
Invocations    | 2 3 5 7 10 11 | 11.6
Long Blades    | |  2.8

Action                     |  1- 3 |  4- 6 |  7- 9 | 10-12 || total
---------------------------+-------+-------+-------+-------++-------
  Melee: Long sword        |   111 |   119 |    64 |       ||   294
         Punch             |       |     4 |    12 |     3 ||    19
         Unarmed           |       |       |   117 |    86 ||   203
 Invoke: Wall of Briars    |       |       |       |     1 ||     1
    Use: Potion            |       |       |       |     5 ||     5
         Scroll            |       |       |       |     1 ||     1
 Armour: Leather armour    |    43 |       |       |       ||    43
         Ring mail         |    15 |    73 |    67 |       ||   155
         Chain mail        |       |       |    59 |    84 ||   143
  Dodge: Dodged            |    79 |    53 |    69 |    30 ||   231

Table legend: (Time is in decaauts)
 A = Elapsed time spent in this place.
 B = Non-inter-level travel time spent in this place.
 C = Inter-level travel time spent in this place.
 D = Time resting spent in this place.
 E = Time spent auto-exploring this place.
 F = Levels seen in this place.
 G = Mean time per level.
                   A        B        C        D        E       F      G
               +--------+--------+--------+--------+--------+-----+--------+
         Total |   7306 |   7070 |    236 |   1419 |   4408 |   9 |  811.8 |
       Dungeon |   7306 |   7070 |    236 |   1419 |   4408 |   9 |  811.8 |
               +--------+--------+--------+--------+--------+-----+--------+

Top non-repeatable levels by time:
     D:6: 1534 daAuts
     D:5: 1112 daAuts
     D:3: 1051 daAuts
     D:4: 815 daAuts
     D:8: 699 daAuts
     D:2: 681 daAuts
     D:7: 606 daAuts
     D:1: 601 daAuts
     D:9: 201 daAuts
